[Event "*** Titled Tuesday Blitz"]
[Site "Chess.com"]
[Date "2020.11.10"]
[Round "6"]
[White "ChessWarrior7197"]
[Black "Zhuu96"]
[Result "1-0"]
[WhiteElo "3017"]
[BlackElo "2895"]
[TimeControl "180+1"]
[EndTime "11:14:39 PST"]
[Termination "ChessWarrior7197 won by checkmate"]

1. e4 e5 2. Nf3 Nc6 3. Nc3 Nf6 4.
Bb5 Nd4 5. O-O Nxb5 6. Nxb5 c6 7. Nc3 d6 8. d4 Qc7 9. Bg5 Be7 10.
h3 O-O 11. a4 h6 12. Bh4 Nh5 13. Nxe5 Bxh4 14. Qxh5 dxe5 15. Qxh4 exd4 16. Ne2 c5 17. f4 Be6 18. Rf3 f5 19. e5 Qd8 20. Qg3 Bd5 21. Rd3 Be4 22. Rd2 Qb6 23. b3 Kh7 24.
Kh2 Rae8 25. a5 Qc6 26. Nc1 Re6 27. Qe1 g5 28. Nd3 gxf4 29. Nxf4 Rxe5 30. b4 Qd6 31. Qf2 Qc7 32. Kg1 cxb4 33. Qxd4 Rf7 34. Qxb4 Qc5+ 35. Qxc5 Rxc5 36. Ra2 Re7 37. Kf2 Bc6 38. g3 Rc3 39. Rd3 Rc4 40. c3 Be4 41. Re3 Rec7 42. Rd2 Rxc3 43.
Rxc3 Rxc3 44. Rd7+ Kg8 45. Nh5 Kf8 46. a6 bxa6 47.
Rxa7 Rf3+ 48. Ke2 Ra3 49. Kf2 a5 50. Nf6 Rf3+ 51. Kg2 Ra3+ 52. Kf2 a4 53. g4 Rxh3 54. Rxa4 Bc2 55. Rc4 fxg4 56. Nxg4 Bg6 57. Ne5 Be8 58. Rc7 Rh5 59. Nf3 Rf5 60. Ke3 Rf7 61. Rc8 Re7+ 62. Kf4 Kg7 63. Ne5 Bf7 64. Rc3 Be6 65. Rg3+ Kh7 66.
Rg6 Bc8 67. Rc6 Be6 68. Rd6 Kg7 69. Nf3 Kf7 70. Ne5+ Kg7 71. Rd3 Kh7 72. Rg3 Rg7 73.
Re3 Rg5 74. Rc3 Kg7 75. Ke4 Kf6 76. Rf3+ Ke7 77. Ra3 Kd6 78. Ra6+ Ke7 79. Nc6+ Kf6 80. Nd4 Rg4+ 81. Ke3 Ke5 82. Rxe6+ Kd5 83. Re8 Rg3+ 84.
Kf4 Rg6 85. Nf5 Re6 86. Rd8+ Kc5 87. Rd1 Kb6 88. Nd4 Rf6+ 89. Ke5 Rg6 90. Rb1+ Kc7 91. Ne6+ Kc6 92. Rc1+ Kb6 93. Kd5 Rf6 94. Rb1+ Ka7 95. Kd6 Rf2 96. Kc6 Rc2+ 97. Nc5 h5 98. Rb7+ Ka8 99.
Rh7 Rc1 100. Rxh5 Ka7 101. Rh7+ Kb8 102. Rb7+ Kc8 103. Rb2 Kd8 104. Re2 Rc3 105. Kd6 Rc1 106. Rd2 Ke8 107. Ne6 Re1 108. Rf2 Rd1+ 109. Ke5 Re1+ 110. Kf6 Kd7 111. Rd2+ Kc6 112. Ke7 Re3 113. Rc2+ Kd5 114. Rd2+ Kc4 115. Rh2 Kc3 116. Rh5 Kd3 117. Kd6 Kc3 118. Kd5 Re1 119. Nd4 Rd1 120. Rh3+ Kd2 121. Rh4 Rf1 122. Kc4 Ke3 123. Nc2+ Kf2 124. Kd3 Kg3 125. Rb4 Rf4 126. Nd4 Kg4 127. Rb8 Kh5 128. Rg8 Kh6 129. Ke3 Kh7 130. Rg1 Rf6 131. Ke4 Rg6 132. Rh1+ Kg7 133. Ke5 Kf7 134. Nf5 Ke8 135. Rh7 Kd8 136. Nd6 Rg1 137. Ke6 Re1+ 138. Kd5 Rd1+ 139. Ke5 Re1+ 140. Ne4 Re2 141. Kd6 Re1 142. Rh8# 1-0

[Event "*** Titled Tuesday Blitz"]
[Site "Chess.com"]
[Date "2020.11.10"]
[Round "7"]
[White "Igor_Lysyj"]
[Black "LaStreetCmaMaison"]
[Result "1-0"]
[WhiteElo "2833"]
[BlackElo "2640"]
[TimeControl "180+1"]
[EndTime "11:17:04 PST"]
[Termination "Igor_Lysyj won by checkmate"]

1. d4 Nf6 2. c4 e6 3. Nf3 d5 4. g3 Bb4+ 5. Bd2 Qe7 6. Bg2 O-O 7. O-O Ne4 8. Qc2 b6 9. Bxb4 Qxb4 10. cxd5 exd5 11. a3 Qb5 12. Nc3 Nxc3 13. bxc3 Ba6 14. Rfe1 c5 15. Ng5 h6 16. Qh7# 1-0

[Event "*** Titled Tuesday Blitz"]
[Site "Chess.com"]
[Date "2020.11.10"]
[Round "7"]
[White "juancruzarias"]
[Black "A-Fier"]
[Result "1-0"]
[WhiteElo "2596"]
[BlackElo "2746"]
[TimeControl "180+1"]
[EndTime "11:17:38 PST"]
[Termination "juancruzarias won by resignation"]

1. e4 d5 2. exd5 Nf6 3. Nf3 Qxd5 4. d4 Bg4 5. Be2 Nc6 6. O-O O-O-O 7. c4 Qf5 8. Be3 e5 9. d5 e4 10. Nd4 Nxd4 11.
Bxd4 Bd6 12. Nc3 h5 13. f3 exf3 14. Bxf3 Qf4 15. Bxg4+ Qxg4 16. Qxg4+ Nxg4 17. h3 Ne5 18. c5 1-0

[Event "*** Titled Tuesday Blitz"]
[Site "Chess.com"]
[Date "2020.11.10"]
[Round "7"]
[White "klimkoj"]
[Black "Sueetin"]
[Result "1-0"]
[WhiteElo "2637"]
[BlackElo "2312"]
[TimeControl "180+1"]
[EndTime "11:17:39 PST"]
[Termination "klimkoj won by resignation"]

1. e4 e5 2. Nf3 Nc6 3. Bb5 a6 4.
Ba4 Nf6 5. O-O Be7 6. Re1 b5 7. Bb3 O-O 8. c3 d6 9. h3 Nb8 10. d4 Nbd7 11. c4 Re8 12. cxb5 axb5 13. Bxf7+ Kxf7 14. Ng5+ Kg6 15. Ne6 exd4 16. Nxd8 Bxd8 17. Qxd4 Bb7 18. Nc3 d5 19. e5 c5 20. Qd3+ Ne4 21. Nxe4 1-0

[Event "*** Titled Tuesday Blitz"]
[Site "Chess.com"]
[Date "2020.11.10"]
[Round "7"]
[White "Radzio1987"]
[Black "alejanchess73"]
[Result "0-1"]
[WhiteElo "2754"]
[BlackElo "2477"]
[TimeControl "180+1"]
[EndTime "11:17:58 PST"]
[Termination "alejanchess73 won by resignation"]

1. c4 Nf6 2. Nf3 g6 3. Nc3 d6 4. g3 Bg7 5. d4 O-O 6. Bg2 Nbd7 7. O-O e5 8. e4 c6 9. h3 Re8 10. d5 c5 11. Be3 a6 12. a4 b6 13. Ne1 Rb8 14.
Nd3 Nf8 15. f4 exf4 16. gxf4 Nxe4 17. Nxe4 f5 18. Nxd6 Rxe3 19. Nxc8 Rxc8 20. Qd2 Bd4 21. Kh2 Qh4 22. Rae1 Qg3+ 23. Kh1 Rxd3 0-1

[Event "*** Titled Tuesday Blitz"]
[Site "Chess.com"]
[Date "2020.11.10"]
[Round "7"]
[White "eightbyeightchess"]
[Black "misterlamine"]
[Result "1-0"]
[WhiteElo "2414"]
[BlackElo "2287"]
[TimeControl "180+1"]
[EndTime "11:18:01 PST"]
[Termination "eightbyeightchess won by resignation"]

1. e4 c5 2. Nf3 d6 3. d4 cxd4 4. Qxd4 Nc6 5. Bb5 Bd7 6. Bxc6 Bxc6 7. Nc3 e5 8. Qd3 h6 9. Be3 Nf6 10. O-O-O Be7 11. h3 a6 12. g4 O-O 13. g5 hxg5 14. Nxg5 b5 15. Rhg1 Nh5 16. Nd5 Bxd5 17. exd5 Bxg5 18.
Rxg5 Nf4 19. Bxf4 exf4 20. Rdg1 g6 21. Rxg6+ 1-0

[Event "*** Titled Tuesday Blitz"]
[Site "Chess.com"]
[Date "2020.11.10"]
[Round "7"]
[White "AniJak"]
[Black "Chess2019Player"]
[Result "1-0"]
[WhiteElo "2377"]
[BlackElo "2244"]
[TimeControl "180+1"]
[EndTime "11:18:27 PST"]
[Termination "AniJak won by resignation"]

1. e4 c5 2. Nc3 Nc6 3. g3 g6 4. Bg2 Bg7 5. d3 e6 6. Be3 d6 7.
Qd2 Nge7 8. Bh6 Bf6 9. Bg5 Bg7 10. Bh6 Bf6 11. h4 Qa5 12. Nge2 Bd7 13. O-O b5 14. a3 Qb6 15. b4 cxb4 16. axb4 Nxb4 17. e5 1-0

[Event "*** Titled Tuesday Blitz"]
[Site "Chess.com"]
[Date "2020.11.10"]
[Round "7"]
[White "romulocardoso"]
[Black "kidagent"]
[Result "1-0"]
[WhiteElo "2091"]
[BlackElo "2292"]
[TimeControl "180+1"]
[EndTime "11:18:36 PST"]
[Termination "romulocardoso won by resignation"]

1. e4 c5 2. Nf3 d6 3. d4 cxd4 4.
Nxd4 Nf6 5. Nc3 a6 6. Be2 e5 7.
Nb3 Be7 8. O-O O-O 9. Kh1 b5 10. f4 exf4 11. Bxf4 Be6 12. Bf3 Nbd7 13. Nd4 Bc4 14. Nc6 Qe8 15. Nxe7+ Qxe7 16. Bxd6 Qe6 17. Bxf8 Bxf1 18. e5 Rxf8 19. exf6 Bc4 20. Bg4 Qxf6 21. Qxd7 b4 22. Ne4 Qxb2 23. Re1 Qxc2 24. Qe7 a5 25. Nd6 Be6 26. Rxe6 1-0

[Event "*** Titled Tuesday Blitz"]
[Site "Chess.com"]
[Date "2020.11.10"]
[Round "7"]
[White "Kazmin_Dmitrij"]
[Black "BanjoKazooieN64"]
[Result "0-1"]
[WhiteElo "2273"]
[BlackElo "2398"]
[TimeControl "180+1"]
[EndTime "11:18:41 PST"]
[Termination "BanjoKazooieN64 won by resignation"]

1. e4 e5 2. Nf3 Nc6 3. Bb5 f5 4. Nc3 Nf6 5. exf5 Bc5 6. O-O O-O 7. Nxe5 Nxe5 8. d4 Bxd4 9. Qxd4 d6 10. f4 Nc6 11.
Bxc6 bxc6 12. Qc4+ Kh8 13. Qxc6 Bxf5 14. Nd5 Bd7 15.
Qc4 Be6 16. Rd1 Nxd5 17. Rxd5 Rf5 0-1

[Event "*** Titled Tuesday Blitz"]
[Site "Chess.com"]
[Date "2020.11.10"]
[Round "7"]
[White "vovachesss"]
[Black "Savva09022009"]
[Result "1-0"]
[WhiteElo "2674"]
[BlackElo "2425"]
[TimeControl "180+1"]
[EndTime "11:18:56 PST"]
[Termination "vovachesss won by checkmate"]

1. e4 c5 2. c3 Nf6 3. e5 Nd5 4. Nf3 Nc6 5. Bc4 Nb6 6. Bb3 c4 7. Bc2 Qc7 8. Qe2 g5 9. h3 h5 10. Na3 Bg7 11. Nxc4 Nxc4 12. Qxc4 Bxe5 13. Nxg5 e6 14. Nf3 d5 15. Qe2 Bd6 16. d4 Bd7 17. Bg5 Ne7 18. Ne5 Rg8 19. Nxf7 Ng6 20. Qxh5 Kxf7 21.
Qh7+ Ke8 22. Qxg8+ Nf8 23. Bg6# 1-0

[Event "*** Titled Tuesday Blitz"]
[Site "Chess.com"]
[Date "2020.11.10"]
[Round "7"]
[White "GelmanAlexander"]
[Black "SanchezKelvin"]
[Result "0-1"]
[WhiteElo "2567"]
[BlackElo "2455"]
[TimeControl "180+1"]
[EndTime "11:19:00 PST"]
[Termination "SanchezKelvin won by resignation"]

1. d4 c5 2. d5 g6 3. Nc3 Bg7 4. e4 d6 5. Nf3 Nf6 6. Bc4 O-O 7.
O-O Bg4 8. h3 Bxf3 9. Qxf3 Na6 10. Bd2 Nc7 11. a4 b6 12. Qe2 Nd7 13. f4 a6 14. h4 Bd4+ 15. Be3 e5 16. dxe6 fxe6 17. h5 Qh4 18. hxg6 hxg6 19. Rad1 Nf6 20. Rf3 Ng4 21. Rh3 Bxe3+ 22. Kf1 Rxf4+ 0-1

[Event "*** Titled Tuesday Blitz"]
[Site "Chess.com"]
[Date "2020.11.10"]
[Round "7"]
[White "Chigorinetz"]
[Black "giantslayer83"]
[Result "1-0"]
[WhiteElo "2561"]
[BlackElo "2696"]
[TimeControl "180+1"]
[EndTime "11:19:09 PST"]
[Termination "Chigorinetz won by resignation"]

1. e4 c6 2. d4 d5 3. f3 g6 4. Nc3 Bg7 5. Be3 dxe4 6. fxe4 Nf6 7. Nf3 O-O 8. Qd2 b5 9. Bd3 b4 10. Ne2 a5 11. Bh6 Ba6 12. Bxg7 Kxg7 13. O-O c5 14. e5 Nd5 15. Ng3 c4 16. Be4 c3 17. Nh5+ gxh5 18. Qg5+ Kh8 19. Qh6 f5 20. Ng5 1-0

[Event "*** Titled Tuesday Blitz"]
[Site "Chess.com"]
[Date "2020.11.10"]
[Round "7"]
[White "MoreChessJulia"]
[Black "Tenamu"]
[Result "0-1"]
[WhiteElo "2093"]
[BlackElo "2314"]
[TimeControl "180+1"]
[EndTime "11:19:12 PST"]
[Termination "Tenamu won by checkmate"]

1. d4 Nf6 2. c4 e6 3. Nf3 c5 4. d5 exd5 5. cxd5 d6 6. Nc3 g6 7.
h3 Bg7 8. e4 O-O 9. Bd3 b5 10.
Bxb5 Nxe4 11. Nxe4 Qa5+ 12. Bd2 Qxb5 13. Qb3 Qa6 14. O-O-O Bf5 15. Nc3 Nd7 16. g4 Bd3 17. Bf4 c4 18. Qb5 Qc8 19. Bxd6 a6 20. Qc6 Qd8 21.
Bxf8 Bxf8 22. Ne1 Bh6+ 23. Rd2 Ne5 24. Qa4 Rb8 25. b3 Qb6 26. Nxd3 Nxd3+ 27. Kc2 Bxd2 28. Kxd2 Qxf2+ 29. Ne2 Nb2 30. Qxa6 Re8 31. Re1 Nd3 32. Qxc4 Qxe1+ 33. Kxd3 Qxe2+ 34. Kd4 Qe3# 0-1

[Event "*** Titled Tuesday Blitz"]
[Site "Chess.com"]
[Date "2020.11.10"]
[Round "7"]
[White "WeAintSurePal"]
[Black "ailime26"]
[Result "1-0"]
[WhiteElo "2302"]
[BlackElo "1971"]
[TimeControl "180+1"]
[EndTime "11:19:12 PST"]
[Termination "WeAintSurePal won by resignation"]

1. d4 d5 2. Nf3 Nf6 3. c3 e6 4. Bg5 Be7 5. Nbd2 c5 6. e3 Nbd7 7. Bd3 O-O 8. Ne5 Qc7 9. f4 b6 10. O-O cxd4 11. exd4 h6 12. Bxf6 Nxf6 13. Rf3 Bd6 14.
Qe2 a5 15. Raf1 Nd7 16. Rh3 f6 17. Rxh6 Nxe5 18. Rh8+ Kxh8 19. Qh5+ Kg8 20. Bh7+ Kh8 21. Bg6+ 1-0

[Event "*** Titled Tuesday Blitz"]
[Site "Chess.com"]
[Date "2020.11.10"]
[Round "7"]
[White "rududuyk"]
[Black "DishonorOnYourCow"]
[Result "0-1"]
[WhiteElo "2167"]
[BlackElo "2382"]
[TimeControl "180+1"]
[EndTime "11:19:13 PST"]
[Termination "DishonorOnYourCow won by resignation"]

1. e4 e5 2. Nf3 Nc6 3. Bb5 Nf6 4.
O-O Nxe4 5. d4 Nd6 6. Bxc6 dxc6 7. dxe5 Nf5 8. Qxd8+ Kxd8 9. Nc3 Ke8 10. Ne4 Be7 11. Bg5 Be6 12. Bxe7 Kxe7 13. Rfe1 h5 14. b3 a5 15.
Nfg5 a4 16. Nxe6 fxe6 17. Nc5 axb3 18. axb3 b6 19. Nd3 Nd4 20. Nf4 Rhd8 21. Rxa8 Rxa8 22. Nxh5 Nxc2 23. Rc1 Nd4 24. f4 Ne2+ 0-1

[Event "*** Titled Tuesday Blitz"]
[Site "Chess.com"]
[Date "2020.11.10"]
[Round "7"]
[White "DenisQ"]
[Black "Chessdreamer2020"]
[Result "1-0"]
[WhiteElo "2636"]
[BlackElo "2511"]
[TimeControl "180+1"]
[EndTime "11:19:15 PST"]
[Termination "DenisQ won by resignation"]

1. Nf3 d6 2. g3 e5 3. Bg2 Nc6 4. O-O g6 5. c4 Bg7 6. Nc3 Nge7 7. Rb1 a5 8. d3 O-O 9. a3 f5 10. Qc2 h6 11. b4 axb4 12. axb4 g5 13. b5 Nb8 14.
Bb2 Nd7 15. Ra1 Rxa1 16. Rxa1 g4 17. Nd2 Ng6 18. Nd5 f4 19. Ra8 Nc5 20. d4 f3 21.
exf3 gxf3 22. Nxf3 e4 23. dxc5 exf3 24. Qxg6 Rf7 25. Bxg7 Rxg7 26. Rxc8 Qxc8 27. Ne7+ Kf8 28. Qf6+ Rf7 29. Qh8+ Kxe7 30. Qxc8 fxg2 31. Qxc7+ 1-0

[Event "*** Titled Tuesday Blitz"]
[Site "Chess.com"]
[Date "2020.11.10"]
[Round "7"]
[White "Nikithebest"]
[Black "sara_khm"]
[Result "0-1"]
[WhiteElo "2440"]
[BlackElo "2579"]
[TimeControl "180+1"]
[EndTime "11:19:23 PST"]
[Termination "sara_khm won by resignation"]

1. e4 e5 2. Nf3 Nc6 3. Nc3 Nf6 4. d4 exd4 5. Nxd4 Bb4 6. Nxc6 bxc6 7. Bd3 O-O 8. O-O Re8 9. Bg5 d6 10. f4 Qe7 11.
Qf3 Qe6 12. a3 Bxc3 13. bxc3 Nxe4 14. Bxe4 Qxe4 15. Rae1 Qxe1 16. Rxe1 Rxe1+ 17. Kf2 Re8 18. Qxc6 Bf5 19. g4 Bxg4 20. Kg3 Bf5 21. Kf2 Rab8 22. Qxc7 Rb2 23. Be7 Rxc2+ 24. Kf3 Rc8 0-1

[Event "*** Titled Tuesday Blitz"]
[Site "Chess.com"]
[Date "2020.11.10"]
[Round "7"]
[White "Lion-Al-Messi"]
[Black "Barmen_EV"]
[Result "0-1"]
[WhiteElo "2538"]
[BlackElo "2424"]
[TimeControl "180+1"]
[EndTime "11:19:28 PST"]
[Termination "Barmen_EV won by resignation"]

1. e4 c5 2. Nf3 Nc6 3. d4 cxd4 4.
Nxd4 e5 5. Nb5 d6 6. c4 Be7 7.
N1c3 a6 8. Na3 f5 9. Nd5 Nf6 10. Be3 Nxd5 11. exd5 Nb8 12. Bd3 O-O 13. Qe2 Nd7 14.
O-O-O b5 15. cxb5 axb5 16. Bxb5 f4 17. Bd2 Nc5 18. Kb1 Bf5+ 19. Ka1 e4 20. Bxf4 Rxa3 21.
bxa3 Bf6+ 22. Kb1 e3+ 23. Kc1 Qa5 24. Qxe3 Qxb5 25. Kd2 Ne4+ 26. Kc2 Qb2+ 27. Kd3 Nxf2+ 28. Kc4 Rc8+ 0-1

[Event "*** Titled Tuesday Blitz"]
[Site "Chess.com"]
[Date "2020.11.10"]
[Round "7"]
[White "InitiatingASC"]
[Black "valeriocarnicelli"]
[Result "1-0"]
[WhiteElo "2421"]
[BlackElo "2559"]
[TimeControl "180+1"]
[EndTime "11:19:31 PST"]
[Termination "InitiatingASC won by resignation"]

1. Nf3 Nf6 2. g3 g6 3. Bg2 Bg7 4. O-O O-O 5. d3 d5 6. Nbd2 c5 7. a3 Nc6 8. Rb1 e5 9. e4 d4 10. b4 Nd7 11. b5 Ne7 12. Nc4 Qc7 13. a4 b6 14. Nfd2 a6 15. Nb3 axb5 16. axb5 Bb7 17. f4 Nc8 18. f5 Nd6 19. Nxd6 Qxd6 20. Nd2 g5 21. Nc4 Qe7 22. f6 Bxf6 23. Bh3 Bc8 24. Bxd7 Bxd7 25. Nxb6 Ra7 26. Nd5 1-0

[Event "*** Titled Tuesday Blitz"]
[Site "Chess.com"]
[Date "2020.11.10"]
[Round "7"]
[White "xLuring1"]
[Black "Hasangatin_Ramil"]
[Result "0-1"]
[WhiteElo "2365"]
[BlackElo "2567"]
[TimeControl "180+1"]
[EndTime "11:19:32 PST"]
[Termination "Hasangatin_Ramil won by checkmate"]

1. e4 d5 2. exd5 Qxd5 3. Nf3 Bg4 4. Be2 Nc6 5. O-O O-O-O 6. h3 Bh5 7. Nc3 Qd7 8. b4 Bxf3 9. Bxf3 Nd4 10. b5 Nf6 11. a4 e5 12. a5 Kb8 13. b6 cxb6 14. axb6 a6 15. Re1 Bd6 16. Ne4 Nxe4 17. Bxe4 f5 18. Bd5 e4 19. c4 Qe7 20. Bb2 Qe5 21. Bxd4 Qxd4 22. g3 Bxg3 23. Qe2 Bd6 24. Bxb7 Qe5 25. f4 Qc5+ 26. Kh1 Kxb7 27. Ra4 Bxf4 28. Rea1 Rxd2 29. Qh5 Rh2# 0-1

[Event "*** Titled Tuesday Blitz"]
[Site "Chess.com"]
[Date "2020.11.10"]
[Round "7"]
[White "dpopadic"]
[Black "paulrusan"]
[Result "1-0"]
[WhiteElo "2350"]
[BlackElo "2215"]
[TimeControl "180+1"]
[EndTime "11:19:40 PST"]
[Termination "dpopadic won by resignation"]

1. e4 g6 2. Nc3 Bg7 3. f4 d6 4.
Nf3 c5 5. Bc4 Nc6 6. d3 e6 7.
O-O Nge7 8. Qe1 O-O 9. f5 d5 10. Bb3 b5 11. fxe6 fxe6 12. Nxb5 Qb6 13. c4 dxe4 14.
dxe4 Bd7 15. Qh4 Rae8 16. Bh6 Bxb2 17. Bxf8 Rxf8 18. Ng5 h5 19. Rxf8+ Kxf8 20. Qf2+ Nf5 21. Qxb2 Nfd4 22. Qf2+ 1-0

[Event "*** Titled Tuesday Blitz"]
[Site "Chess.com"]
[Date "2020.11.10"]
[Round "7"]
[White "Salem-AR"]
[Black "olksuna"]
[Result "0-1"]
[WhiteElo "2893"]
[BlackElo "2642"]
[TimeControl "180+1"]
[EndTime "11:19:41 PST"]
[Termination "olksuna won by resignation"]

1. d4 Nf6 2. c4 e6 3. Nf3 d5 4. Nc3 c6 5. e3 a6 6. b3 Bb4 7. Bd2 Qe7 8. Bd3 O-O 9. O-O Nbd7 10.
Qc2 h6 11. e4 dxc4 12. bxc4 e5 13. d5 Nc5 14. Rab1 a5 15. h3 Bd7 16. Ne2 cxd5 17.
Bxb4 axb4 18. cxd5 Rfc8 19. Rxb4 Nxd3 0-1

[Event "*** Titled Tuesday Blitz"]
[Site "Chess.com"]
[Date "2020.11.10"]
[Round "7"]
[White "ehrenfeld"]
[Black "Leo_C"]
[Result "1-0"]
[WhiteElo "2481"]
[BlackElo "2286"]
[TimeControl "180+1"]
[EndTime "11:19:41 PST"]
[Termination "ehrenfeld won by resignation"]

1. e4 c6 2. d4 d5 3. exd5 cxd5 4. Bd3 Nc6 5. c3 Nf6 6. Bf4 Bg4 7. Qb3 Qc8 8. Nd2 e6 9. Ngf3 Be7 10. O-O O-O 11. Rfe1 a6 12. a4 Bh5 13. Ne5 Nxe5 14. Bxe5 Nd7 15. Bg3 Bg6 16. Bf1 Bd8 17. a5 Bc7 18.
Qa4 Bxg3 19. hxg3 Nf6 20. Qb4 Ne8 21. Nb3 Qc7 22. Nc5 Nd6 23. Ra3 Rfb8 24. Rb3 Bc2 25. Qb6 Qxb6 26. Rxb6 Nc8 27. Rxb7 Rxb7 28. Nxb7 Rb8 29.
Bxa6 Na7 30. b4 1-0

[Event "*** Titled Tuesday Blitz"]
[Site "Chess.com"]
[Date "2020.11.10"]
[Round "7"]
[White "AttractiveMustard"]
[Black "queen_iryna"]
[Result "1-0"]
[WhiteElo "2401"]
[BlackElo "2275"]
[TimeControl "180+1"]
[EndTime "11:19:43 PST"]
[Termination "AttractiveMustard won by resignation"]

1. d4 d6 2. e4 Nf6 3. Nc3 e5 4.
dxe5 dxe5 5. Qxd8+ Kxd8 6. Bg5 Be6 7. O-O-O+ Nd7 8. f4 exf4 9. Nf3 Kc8 10. Bxf4 Bb4 11.
Nd4 Bxc3 12. bxc3 Nxe4 13. Nxe6 fxe6 14. Bc4 Nf2 15. Bxe6 Nxd1 16. Rxd1 Rd8 17. Bg5 Kb8 18. Bxd8 Nc5 19. Bg4 a5 20. Be7 Ne4 21. Rd7 Ra6 22.
Bf3 Nxc3 23. Kb2 Na4+ 24. Ka3 Nb6 25. Rd8+ Ka7 26. Be2 1-0

[Event "*** Titled Tuesday Blitz"]
[Site "Chess.com"]
[Date "2020.11.10"]
[Round "7"]
[White "LawrenceTrent"]
[Black "BocharovD"]
[Result "0-1"]
[WhiteElo "2550"]
[BlackElo "2775"]
[TimeControl "180+1"]
[EndTime "11:19:48 PST"]
[Termination "BocharovD won by resignation"]

1. c4 c5 2. Nc3 g6 3. e3 Nf6 4. h4 h6 5. Nf3 Bg7 6. d4 O-O 7. d5 e6 8. Be2 exd5 9. cxd5 d6 10. Nd2 Re8 11. g4 Nbd7 12. Nc4 Ne5 13. Nxe5 Rxe5 14.
f4 Re8 15. g5 hxg5 16. hxg5 Ne4 17. Nxe4 Rxe4 18. Bf3 Bf5 19. Bxe4 Bxe4 20. Rh2 b5 21. Kf1 Qd7 22. a4 b4 23. Ra2 c4 24. b3 c3 25. Rh4 Qf5 26. Rah2 Qxd5 27. Qxd5 Bxd5 28.
f5 Be5 29. f6 Bxh2 30. Rxh2 Bxb3 31. a5 Bc4+ 32. Ke1 b3 0-1

[Event "*** Titled Tuesday Blitz"]
[Site "Chess.com"]
[Date "2020.11.10"]
[Round "7"]
[White "Mr_Heisenberg13"]
[Black "GM4life"]
[Result "1-0"]
[WhiteElo "2488"]
[BlackElo "2274"]
[TimeControl "180+1"]
[EndTime "11:19:57 PST"]
[Termination "Mr_Heisenberg13 won by resignation"]

1. d4 Nf6 2. c4 e6 3. Nc3 Bb4 4. e3 O-O 5. Bd2 d5 6. Nf3 c5 7. a3 Bxc3 8. Bxc3 cxd4 9. Bxd4 Nc6 10. Bc3 Ne4 11. Rc1 b6 12. cxd5 exd5 13. Bxg7 Kxg7 14. Rxc6 Bb7 15. Rc1 Qd6 16. Qd4+ Kg8 17. Bd3 Rae8 18. O-O Qh6 19. Rc7 Rb8 20. Qe5 Rfe8 21. Re7 Qf8 22. Rxe8 Rxe8 23. Qf4 Qg7 24. Nd4 Bc8 25. Rc1 Bh3 26. g3 Nc5 27. Bf5 Bxf5 28. Nxf5 Qg6 29.
Rd1 Ne6 30. Qe5 Nc7 31. Qxe8+ Nxe8 32. Ne7+ Kg7 33. Nxg6 h6 34. Nf4 1-0

[Event "*** Titled Tuesday Blitz"]
[Site "Chess.com"]
[Date "2020.11.10"]
[Round "7"]
[White "grandcoach"]
[Black "martynkovaelena"]
[Result "0-1"]
[WhiteElo "2097"]
[BlackElo "2258"]
[TimeControl "180+1"]
[EndTime "11:19:58 PST"]
[Termination "martynkovaelena won by resignation"]

1. e4 c5 2. b4 cxb4 3. a3 d5 4. exd5 Qxd5 5. Bb2 Nf6 6. Nf3 Nc6 7. axb4 Bg4 8. b5 Bxf3 9. Qxf3 Qxf3 10. gxf3 Nb4 11. Kd1 Nbd5 12. Nc3 e6 13. Nxd5 Nxd5 14. Rg1 f6 15.
Bc4 Kf7 16. Bxd5 exd5 17. Bd4 a6 18. bxa6 Rxa6 19. Rb1 b6 20. Rxb6 Rxb6 21. Bxb6 Bd6 22. h3 Rb8 0-1

[Event "*** Titled Tuesday Blitz"]
[Site "Chess.com"]
[Date "2020.11.10"]
[Round "7"]
[White "MartinMatthiesen"]
[Black "Volodar_Murzin"]
[Result "0-1"]
[WhiteElo "2412"]
[BlackElo "2559"]
[TimeControl "180+1"]
[EndTime "11:20:09 PST"]
[Termination "Volodar_Murzin won by resignation"]

1. d4 Nf6 2. c4 g6 3. Nc3 Bg7 4. e4 d6 5. Nf3 O-O 6. Be2 e5 7. d5 Na6 8. Bg5 h6 9. Be3 Ng4 10. Bd2 f5 11. exf5 gxf5 12. h3 Nf6 13. Qc1 Kh7 14. g4 Nc5 15. g5 Nfe4 16. gxh6 Nxd2 17. hxg7 Nxf3+ 18. Kf1 Rg8 19. Bxf3 Qh4 20. b4 Nd3 21. Qe3 Nf4 22. Ne2 Ng6 23. Bg2 Rxg7 24. Rc1 Bd7 25. c5 Bb5 0-1

[Event "*** Titled Tuesday Blitz"]
[Site "Chess.com"]
[Date "2020.11.10"]
[Round "7"]
[White "tsaruk_maks"]
[Black "lefonghua"]
[Result "1-0"]
[WhiteElo "2625"]
[BlackElo "2482"]
[TimeControl "180+1"]
[EndTime "11:20:11 PST"]
[Termination "tsaruk_maks won by resignation"]

1. e4 c5 2. Nf3 g6 3. d4 cxd4 4. Nxd4 Bg7 5. c4 Nc6 6. Be3 Nf6 7. Nc3 d6 8. Be2 O-O 9. O-O Bd7 10. f3 Nxd4 11. Bxd4 a5 12. b3 Bc6 13. Qd2 Nd7 14. Bf2 Nc5 15. Rad1 Qb6 16. Nb5 Bxb5 17. cxb5 Rfc8 18. Bc4 Qd8 19. Rfe1 Qe8 20. f4 b6 21.
Bd5 Ra7 22. Bc6 Qf8 23. e5 Rd8 24. Bxc5 bxc5 25. Qd3 Rb8 26. Qc4 e6 27. Rxd6 Qc8 28. Qxc5 Bf8 29. Qxa7 Bxd6 30. exd6 1-0

[Event "*** Titled Tuesday Blitz"]
[Site "Chess.com"]
[Date "2020.11.10"]
[Round "7"]
[White "scarabee43"]
[Black "Marianov_Podstavnikov"]
[Result "1-0"]
[WhiteElo "2564"]
[BlackElo "2260"]
[TimeControl "180+1"]
[EndTime "11:20:11 PST"]
[Termination "scarabee43 won by resignation"]

1. Nf3 Nf6 2. c4 e6 3. Nc3 d5 4. d4 dxc4 5. e3 c5 6. Bxc4 a6 7. a4 Nc6 8. O-O Be7 9. Qe2 cxd4 10. Rd1 e5 11. exd4 Nxd4 12. Nxd4 exd4 13. Be3 O-O 14. Bxd4 Qc7 15. Rac1 Re8 16. Bxf6 gxf6 17. Nd5 Qe5 18. Qxe5 fxe5 19. Nxe7+ Rxe7 20. Rd8+ Kg7 21. Bf1 1-0

[Event "*** Titled Tuesday Blitz"]
[Site "Chess.com"]
[Date "2020.11.10"]
[Round "7"]
[White "ShcufNaiRolf"]
[Black "MVM2008"]
[Result "1-0"]
[WhiteElo "2336"]
[BlackElo "2184"]
[TimeControl "180+1"]
[EndTime "11:20:12 PST"]
[Termination "ShcufNaiRolf won by checkmate"]

1. e4 e5 2. Nf3 Nc6 3. Bb5 a6 4. Ba4 Nf6 5. O-O Be7 6. Re1 b5 7. Bb3 O-O 8. h3 d5 9. exd5 Nxd5 10. Nxe5 Nxe5 11. Rxe5 c6 12. Nc3 Bd6 13. Re1 Nf4 14.
d3 Nxh3+ 15. gxh3 Bxh3 16. Qh5 Qd7 17. Ne4 Rae8 18. Bg5 h6 19. Bxh6 Rxe4 20. Rxe4 gxh6 21. Qg6+ Kh8 22. Qxh6+ Kg8 23. Qg6+ Kh8 24. Rh4# 1-0

[Event "*** Titled Tuesday Blitz"]
[Site "Chess.com"]
[Date "2020.11.10"]
[Round "7"]
[White "CzechmVIII"]
[Black "Evachess2006"]
[Result "1-0"]
[WhiteElo "2133"]
[BlackElo "1627"]
[TimeControl "180+1"]
[EndTime "11:20:15 PST"]
[Termination "CzechmVIII won by resignation"]

1. e4 e5 2. Nf3 Nc6 3. Bb5 Nf6 4.
d4 exd4 5. O-O Bc5 6. e5 Ng4 7. h3 Ngxe5 8. Nxe5 Nxe5 9. Re1 Qe7 10. f4 d3+ 11. Kh1 dxc2 12. Qxc2 Bd4 13. fxe5 Bxe5 14. Bf4 f6 15. Bxe5 fxe5 16. Bd3 O-O 17. Bxh7+ Kh8 1-0